 Dungeon Crawl Stone Soup version 0.26.1-11-gd32895ea62 (webtiles) character file.

Game seed: 1390257071035818803

2304 Jerry the Cudgeller (level 9, -3/118 (133) HPs)
             Began as a Troll Chaos Knight on June 8, 2021.
             Was a Plaything of Xom.
             Slain by a black mamba (shapeshifter) (9 damage)
             ... on level 7 of the Dungeon.
             The game lasted 00:17:53 (5967 turns).

Jerry the Cudgeller (Troll Chaos Knight)            Turns: 5967, Time: 00:17:53

HP:   -3/118 (133)  AC: 24    Str: 22    XL:     9   Next: 18%
MP:   8/8           EV:  1    Int:  8    God:    Xom [....*.]
Gold: 348           SH:  0    Dex: 12    Spells: 8/8 levels left

rFire    . . .     SeeInvis .   f - +1 whip (elec)
rCold    . . .     Faith    .   (no shield)
rNeg     + + +     Spirit   .   (armour currently unavailable)
rPois    +         Reflect  .   (helmet currently unavailable)
rElec    .         Harm     .   (cloak currently unavailable)
rCorr    .         Rampage  .   (gloves unavailable)
Will     .....     NoTele   +   (boots unavailable)
Stlth    +.........             (no amulet)
HPRegen  0.69/turn              j - ring of poison resistance
MPRegen  0.11/turn              (no ring)

@: tree-form, heavily drained
A: large, unfitting armour, regeneration 1
a: Renounce Religion


You were on level 7 of the Dungeon.
You worshipped Xom.
You were a beloved toy of Xom.
You were a tree.
You visited 1 branch of the dungeon, and saw 7 of its levels.
You also visited: Sewer.

You collected 348 gold pieces.

Inventory:

Hand Weapons
 a - a +1 mace of chaos
 f - a +1 whip of electrocution (weapon)
Missiles
 w - 5 large rocks (quivered)
Armour
 b - a +2 robe (melded)
 r - a +0 kite shield
Jewellery
 j - a ring of poison resistance (left branch)
Wands
 q - a wand of polymorph (1)
 t - a wand of enslavement (8)
 u - a wand of paralysis (8)
 v - a wand of iceblast (9)
Scrolls
 e - a scroll of identify
 p - a scroll of remove curse
 s - 2 scrolls of teleportation
 y - a scroll of enchant armour
Potions
 c - 6 potions of mutation
 d - a potion of magic
 h - a potion of ambrosia
 k - 2 potions of attraction
 l - a potion of brilliance
 m - 2 potions of haste {unknown}
 n - a potion of resistance


   Skills:
 + Level 5.9 Fighting
 + Level 6.5 Maces & Flails
 - Level 3.2 Armour
 - Level 1.9 Dodging
 * Level 5.6 Shields


You had 8 spell levels left.
You didn't know any spells.
Your spell library contained the following spells:

 Spells                   Type           Power        Failure   Level
 Confusing Touch          Hex            0%           78%         3
 Gell's Gravitas          Tloc           0%           78%         3
 Petrify                  Tmut/Erth      0%           99%         4
 Metabolic Englaciation   Hex/Ice        0%           100%        5
 Yara's Violent Unravell  Hex/Tmut       0%           100%        5


Dungeon Overview and Level Annotations

Branches:
Dungeon (7/15)              Sewer (visited)
 Temple: D:4-7

Altars:
Gozag
Kikubaaqudgha
Makhleb
Okawaru
Qazlal
Trog
Vehumet
Wu Jian
Yredelemnul


Innate Abilities, Weirdness & Mutations

You are too large for most types of armour.
((You have claws for hands.))
Your natural rate of healing is unusually fast.
((You are covered in thick fur. (AC +2)))
((You have extremely tough skin. (AC +3)))
((You are partially covered in slimy green scales. (AC +2)))


Message History

You turn into a tree.
Your +2 robe melds into your body.
Your roots penetrate the ground.
The hornet stings you but does no damage. x2
You closely miss the hornet.
The hornet is moderately wounded.
The hornet stings you but does no damage.
The hornet stings you.
* * * LOW HITPOINT WARNING * * *
You barely miss the hornet.
The hornet is moderately wounded. "This might be better!"
The hornet changes into a shapeshifter!
You are now a beloved toy of Xom.
The shapeshifter changes into a wind drake!
You hit the wind drake but do no damage.
You feel yourself speed up.
The wind drake changes into a black mamba!
You closely miss the black mamba. The black mamba bites you!
You die...
Xom is highly amused!

.###. .# # ## # .#
##########.
###..........
#.......# ##.
#S#.###.#.##.##
#♣#.##........#
#.#.....#.)...#
#.#............
#.#(......##..##
#)........##......
###....##.##.#...
#.##.##.##....
#.##.##......## #.
...........##


You could see a black mamba shaped shifter.

Vanquished Creatures
  Pikel (D:5)
  Prince Ribbit (D:5)
  2 sky beasts (D:5)
  An ogre (D:6)
  2 centaurs
  A lemure (D:5)
  The ghost of ciphuk the Sneak, an amateur VSBr (D:3)
  4 bullfrogs
  2 scorpions
  2 howler monkeys
  A centaur zombie (D:5)
  2 bullfrog zombies
  A quasit (D:5)
  2 hounds
  An orc priest (D:6)
  2 orc wizards (D:6)
  2 centaur skeletons (D:5)
  Ijyb (D:3)
  2 bullfrog skeletons
  Terence (D:3)
  2 iguanas
  2 worker ants
  A killer bee zombie (D:5)
  9 adders
  A river rat (D:6)
  A white imp (D:6)
  2 oozes
  2 worms (D:3)
  An adder skeleton (D:4)
  9 leopard geckos
  6 orcs
  14 giant cockroaches
  4 goblins (D:1)
  2 hobgoblins
  8 jackals
  6 kobolds
  4 quokkas
  3 ball pythons
  2 bats
  13 frilled lizards
  A jackal skeleton (D:6)
  A quokka skeleton (D:4)
  7 rats
133 creatures vanquished.

Vanquished Creatures (others)
  An orc (D:6)
1 creature vanquished.

Grand Total: 134 creatures vanquished

Notes
Turn   | Place    | Note
-------+----------+-------------------------------------------
     0 | D:1      | Jerry the Troll Chaos Knight began the quest for the Orb.
     0 | D:1      | Reached XP level 1. HP: 22/22 MP: 0/0
    95 | D:1      | Reached XP level 2. HP: 29/29 MP: 1/1
   220 | D:1      | XOM: silly message
   757 | D:1      | Reached skill level 3 in Maces & Flails
  1193 | D:1      | XOM: silly message
  1552 | D:2      | Reached skill level 1 in Armour
  1552 | D:2      | Reached XP level 3. HP: 36/36 MP: 2/2
  1674 | D:2      | Found an ornate altar of the Wu Jian Council.
  1674 | D:2      | XOM: 10-stop teleportation journey
  1867 | D:2      | Found an ancient bone altar of Kikubaaqudgha.
  1883 | D:2      | XOM: silly message
  2230 | D:3      | Reached XP level 4. HP: 38/45 MP: 3/3
  2236 | D:3      | XOM: silly message
  2275 | D:3      | Noticed Terence
  2283 | D:3      | Killed Terence
  2312 | D:3      | Found an iron altar of Okawaru.
  2502 | D:3      | Found a runed translucent door.
  2503 | D:3      | Noticed ciphuk's ghost (amateur VSBr)
  2535 | D:3      | Found a faded altar of an unknown god.
  2625 | D:4      | Reached XP level 5. HP: 53/53 MP: 4/4
  2639 | D:4      | Noticed Ijyb
  2647 | D:3      | Reached skill level 4 in Maces & Flails
  2712 | D:3      | XOM: noise
  2721 | D:3      | XOM: confuse monster(s)
  2726 | D:3      | XOM: confuse monster(s)
  2781 | D:3      | Killed Ijyb
  2824 | D:3      | Reached XP level 6. HP: 42/62 MP: 5/5
  2861 | D:3      | Killed ciphuk's ghost
  2863 | D:3      | XOM: scenery: 1 doors close
  2958 | D:4      | XOM: snakes to sticks
  3068 | D:4      | Found a basalt altar of Yredelemnul.
  3175 | D:4      | Reached XP level 7. HP: 70/70 MP: 6/6
  3357 | D:4      | XOM: scenery: summon butterflies
  3426 | D:4      | Found a bloodstained altar of Trog.
  3469 | D:5      | Entered Level 5 of the Dungeon
  3479 | D:5      | Found an opulent altar of Gozag.
  3506 | D:5      | Reached skill level 1 in Shields
  3656 | D:5      | Noticed Pikel
  3658 | D:5      | XOM: divination: magic mapping
  3665 | D:5      | Reached skill level 5 in Maces & Flails
  3683 | D:5      | Killed Pikel
  3684 | D:5      | Reached skill level 5 in Fighting
  3684 | D:5      | Reached XP level 8. HP: 36/80 MP: 7/7
  3934 | D:5      | Found a burning altar of Makhleb.
  3934 | D:5      | Noticed a balrug
  3937 | D:5      | Noticed a smoke demon
  4103 | D:5      | Found a radiant altar of Vehumet.
  4328 | D:5      | Noticed Prince Ribbit
  4332 | D:5      | XOM: swap monsters
  4369 | D:5      | Killed Prince Ribbit
  4370 | D:5      | Reached skill level 6 in Maces & Flails
  4408 | D:5      | XOM: divination: magic mapping
  4436 | D:5      | XOM: 2-stop teleportation journey
  4455 | D:6      | Reached skill level 5 in Shields
  4466 | D:6      | XOM: 4-stop teleportation journey
  4549 | D:6      | XOM: enchant monster (good)
  4735 | D:6      | Found a glowing drain.
  4739 | Sewer    | Entered a sewer
  4854 | Sewer    | XOM: 1-stop teleportation journey
  4938 | Sewer    | Reached XP level 9. HP: 89/89 MP: 8/8
  5369 | D:6      | XOM: scenery: 1 doors close
  5452 | D:6      | Found a stormy altar of Qazlal.
  5695 | D:5      | XOM: give mutations
  5695 | D:5      | Gained mutation: You are weak. (Str -2) [Xom's mischief]
  5695 | D:5      | Gained mutation: You are covered in thick fur. (AC +2)
                  | [Xom's mischief]
  5695 | D:5      | Gained mutation: You are partially covered in slimy green
                  | scales. (AC +2) [Xom's mischief]
  5806 | D:5      | XOM: noise
  5855 | D:7      | XOM: polymorph ogre -> tengu
  5868 | D:7      | XOM: swap monsters
  5871 | D:7      | XOM: cleaving
  5872 | D:7      | XOM: confusion
  5880 | D:7      | XOM: 7-stop teleportation journey
  5886 | D:7      | XOM: polymorph tengu -> hornet
  5894 | D:7      | Paralysed by a hornet for 3 turns
  5895 | D:7      | XOM: cleaving
  5956 | D:7      | XOM: give mutation
  5956 | D:7      | Lost mutation: You are weak. (Str -2) [Xom's mischief]
  5961 | D:7      | XOM: torment (10/79 hp)
  5964 | D:7      | HP: 3/118 [hornet (4)]
  5965 | D:7      | XOM: polymorph hornet -> shapeshifter
  5965 | D:7      | Noticed a wind drake
  5965 | D:7      | a shapeshifter changed into a wind drake
  5966 | D:7      | Noticed a black mamba
  5966 | D:7      | a wind drake changed into a black mamba
  5967 | D:7      | Slain by a black mamba (shapeshifter)

Illustrated notes

Levels and vault maps discovered:
D:1:      erik_arrival_cave_to_civilisation [erik_arrival_cave_to_hall],
          layout_basic
D:2:      layout_basic, lemuel_crystal_altar, pdpol_wu_jian_five_deadly_venoms
D:3:      layout_rooms, okawaru_trees_2, gammafunk_ghost_grave,
          chequers_ecumenical_altar_simple_redux, kennysheep_generic_room_14,
          uniq_terence
D:4:      layout_rooms, lemuel_doored_altar, lightli_temple_of_fire, uniq_ijyb
D:5:      layout_basic, makhleb_altar_promises_db, vehumet_crystals,
          general_overflow_altar, uniq_prince_ribbit1, uniq_pikel
D:6:      layout_basic, gup_sewer_entry_spiral, chequers_serial_rivers_room_b,
          roderic_cross_of_infinity, grunt_qazlal_clouds
D:7:      layout_loops_cross, nicolae_dithmenos_shadow_blocks,
          overflow_temple_1_default, minmay_temple_entry_statues_fountains,
          basic_altar, chequers_mini_garden

Skill      XL: |  1  2  3  4  5  6  7  8 |
---------------+-------------------------+-----
Maces & Flails | 3 4 5 6 |  6.5
Armour         | 1 2 3 |  3.2
Fighting       | 3 4 5 |  5.9
Shields        | 3 5 |  5.6
Dodging        | |  1.9

Action                   |  1- 3 |  4- 6 |  7- 9 || total
-------------------------+-------+-------+-------++-------
Melee: Mace              |   102 |   114 |    48 ||   264
       Unarmed           |       |     7 |       ||     7
       Whip              |       |       |   255 ||   255
  Use: Scroll            |     7 |     4 |     7 ||    18
       Potion            |       |       |     6 ||     6
 Stab: Sleeping          |     2 |       |       ||     2
       Paralysed         |     2 |       |       ||     2
       Petrifying        |       |       |     4 ||     4
Armor: Robe              |    51 |    71 |   105 ||   227
       Skin              |       |       |     6 ||     6
Dodge: Dodged            |    68 |    65 |   128 ||   261
